 Dungeon Crawl Stone Soup version 0.15.0-14-g6bbbb5c (webtiles) character file.

60 Johnny the Gusty (level 3, -2/26 HPs)
             Began as a Demigod Air Elementalist on Sept 4, 2014.
             Killed from afar by Sigmund (8 damage)
             ... with a magic dart
             ... on Level 2 of the Dungeon.
             The game lasted 00:04:01 (1779 turns).

Johnny the Gusty (Demigod Air Elementalist)         Turns: 1779, Time: 00:04:02

HP  -2/26        AC  3     Str 11      XL: 3   Next: 55%
MP   2/8         EV 13     Int 20      God:
Gold 61          SH  0     Dex 17      Spells:  3 memorised,  1 level left

rFire  . . .     SeeInvis .     i - +0 spear
rCold  . . .     Clarity  .     a - +0 robe
rNeg   . . .     rCorr    .     (no shield)
rPois  .         rRot     .     (no helmet)
rElec  .         Spirit   .     (no cloak)
SustAb .         Warding  .     (no gloves)
rMut   .         Stasis   .     p - +0 pair of boots
Gourm  .                        (no amulet)
MR     .....                    (no ring)
                                (no ring)

@: not resistant to hostile enchantments, unstealthy
A: no striking features
a: no special abilities


You were on level 2 of the Dungeon.
You were not hungry.

You visited 1 branch of the dungeon, and saw 2 of its levels.

You collected 61 gold pieces.

Inventory:

Hand weapons
 i - a +0 spear (weapon)
 k - a -2 whip
Armour
 a - a +0 robe (worn)
 p - a +0 pair of boots (worn)
Comestibles
 c - 3 bread rations
 f - a meat ration
 o - a slice of pizza
Scrolls
 d - a scroll of noise {unknown}
 e - a scroll of magic mapping
 g - a scroll of remove curse
 h - a scroll of enchant weapon {unknown}
 l - a scroll of teleportation {unknown}
 m - a scroll of identify
Potions
 j - a potion of curing {unknown}
 n - 2 potions of heal wounds {unknown}
 q - a potion of lignification {unknown}
Books
 b - a book of Air

   Spells                             Type                      Level
   *Shock                             Conjuration/Air              1
   *Swiftness                         Charms/Air                   2
   *Repel Missiles                    Charms/Air                   2
   Flight                             Charms/Air                   3
   Static Discharge                   Conjuration/Air              3
   Lightning Bolt                     Conjuration/Air              5


   Skills:
 + Level 0.1 Fighting
 + Level 0.1 Polearms
 + Level 2.1 Dodging
 + Level 2.0 Stealth
 + Level 2.3 Spellcasting
 + Level 1.3 Conjurations
 + Level 3.3 Air Magic


You had one spell level left.
You knew the following spells:

 Your Spells              Type           Power        Failure   Level  Hunger
a - Shock                 Conj/Air       ##..         10%         1    #......
b - Repel Missiles        Chrm/Air       #.....       14%         2    ##.....
c - Swiftness             Chrm/Air       #.......     14%         2    ##.....


Dungeon Overview and Level Annotations

Branches:
Dungeon (2/15)

Annotations:
D:2 Sigmund


Message History

Casting: Shock
Confirm with . or Enter, or press ? or * to list all spells.
Aiming: Shock
Press: ? - help, Shift-Dir - straight line, f/p - Sigmund
Aim: Sigmund, wielding a scythe and wearing a robe (lightly wounded)
The zap misses Sigmund.
Sigmund hits you from afar with a scythe!
Casting: Shock
Confirm with . or Enter, or press ? or * to list all spells.
Aiming: Shock
Press: ? - help, Shift-Dir - straight line, f/p - Sigmund
Aim: Sigmund, wielding a scythe and wearing a robe (lightly wounded)
The zap misses Sigmund.
Sigmund casts a spell at you. The magic dart hits you!
* * * LOW HITPOINT WARNING * * *
Sigmund laughs darkly.
Sigmund casts a spell at you. The magic dart hits you!
You die...

##...## ###......
##[## ###.#.# #.#
#.#.# #.# #.#.# #.#
#.#.# #.# ##### #.#.#
#.###...# #.#.#
######.......#####.#.#
#........<....@...@..#
#.####################
###.# ....# #####


You could see Sigmund.

Vanquished Creatures
  3 adders (D:2)
  A worm (D:2)
  An ooze (D:1)
  2 ball pythons
  2 goblins (D:1)
  2 hobgoblins (D:1)
  3 jackals (D:1)
  2 bats (D:1)
  4 giant cockroaches
  3 kobolds
  5 rats
28 creatures vanquished.

Notes
Turn   | Place    | Note
--------------------------------------------------------------
     0 | D:1      | Johnny, the Demigod Air Elementalist, began the quest for the Orb.
     0 | D:1      | Reached XP level 1. HP: 14/14 MP: 3/3
    18 | D:1      | Reached skill level 1 in Conjurations
   241 | D:1      | Reached skill level 3 in Air Magic
   249 | D:1      | Reached XP level 2. HP: 10/20 MP: 0/4
  1134 | D:2      | Reached XP level 3. HP: 26/26 MP: 0/8
  1138 | D:2      | Learned a level 2 spell: Repel Missiles
  1141 | D:2      | Learned a level 2 spell: Swiftness
  1395 | D:2      | Noticed Sigmund
  1779 | D:2      | Killed from afar by Sigmund

Action                   || total
-------------------------++-------
Melee: Spear             ||    40
       Unarmed           ||    10
 Cast: Shock             ||    67
  Use: Scroll            ||     3
 Stab: Sleeping          ||     1
  Eat: Beef jerky        ||     2
